Map: Incorporeal LE

Players

CooLWeB

  • Race: Terran Terran
  • League: Diamond
  • Spawn Location: 11:00

ManlyManMeat - Winner!

  • Race: Zerg Zerg
  • League: Diamond
  • Spawn Location: 5:00

VOD

Have the link to the VOD?

Description

Time

  • Played on: July 11, 2025, 7:53 a.m.
  • Length: 4:01
Show
View Real Time Build Order
Export as new Build Order

CooLWeB Terran 

Build Orders: Command Center First 

Get SALT Encoding   

  12  0:00  SCV  
  13  0:12  SCV  
  14  0:20  Supply Depot  
  14  0:24  SCV  
  15  0:53  Command Center  
  15  0:56  SCV  
  16  1:04  Refinery  
  16  1:08  SCV  
  17  1:19  Barracks  
  17  1:21  SCV  
  18  1:55  SCV  
  19  2:01  Supply Depot  
  19  2:03  Refinery  
  19  2:07  SCV  
  20  2:11  Marine  
  21  2:15  Factory  
  21  2:16  Orbital Command  
  21  2:25  Supply Depot  
  21  2:29  Marine  
  22  2:37  Bunker  
  22  2:43  SCV  
  24  2:50  Orbital Command  
  23  2:55  SCV  
  24  3:05  Widow Mine  
  26  3:07  SCV  
  26  3:12  Marine  
  28  3:17  Starport  
  28  3:24  Refinery  
  28  3:26  Refinery  
  29  3:27  SCV  
  29  3:29  Widow Mine  
  29  3:30  Marine  
  29  3:32  SCV  
  33  3:39  SCV  
  34  3:44  SCV  
Show
View Real Time Build Order
Export as new Build Order

ManlyManMeat Zerg - Winner!

Build Orders: Pool First 

Get SALT Encoding   

  12  0:00  Drone  
  13  0:07  Drone  
  13  0:13  Extractor  
  13  0:14  Drone  
  15  0:25  Overlord  
  15  0:38  Spawning Pool  
  15  0:41  Extractor  
  15  0:42  Drone  
  14  0:46  Drone  
  15  0:50  Drone  
  16  1:12  Hatchery  
  16  1:17  Drone  
  16  1:21  Drone  
  18  1:25  Drone  
  18  1:31  Drone  
  19  1:43  Roach Warren  
  19  1:46  Drone  
  19  1:52  Metabolic Boost  
  19  2:04  Queen  
  21  2:24  Overlord  
  21  2:31  Roach x3  
  27  2:43  Roach x2  
  31  2:51  Roach x2  
  35  2:58  Overlord  
  35  3:01  Zergling x2  
  36  3:09  Overlord  
  36  3:17  Ravager  
  36  3:18  Zergling x8  
  41  3:22  Zergling x2  
  41  3:26  Zergling x2  
  43  3:31  Zergling x2  
Tags
 
Add a new tag
Caveats
  • Supply blocks, unpowered buildings, or Contaminate may cause inaccurate times.
  • Supply counts are checked every 10 seconds.